 Dungeon Crawl Stone Soup version 0.17-a0-1545-gc1bb672 (webtiles) character file.

19791 Deemzul the Martial Artist (level 12, -15/132 HPs)
             Began as an Octopode Monk on July 17, 2015.
             Was the Champion of Jiyva.
             Demolished by Rupert
             ... wielding a +1 vampiric great sword
              (18 damage)
             ... on level 3 of the Orcish Mines.
             The game lasted 00:34:46 (13814 turns).

Deemzul the Martial Artist (Octopode Monk)         Turns: 13814, Time: 00:34:46

Health: -15/132    AC: 26    Str:  7    XL:     12   Next: 72%
Magic:  16/16      EV:  2    Int: 11    God:    Jiyva [******]
Gold:   835        SH: 12    Dex: 35    Spells: 0 memorised, 11 levels left

rFire  + . .     SeeInvis +     S - +8 spear of Trial by Ordeal {venom, *Contam rF+ rC++ Dex+3}
rCold  + + .     Clarity  .     c - +0 shield
rNeg   + + +     SustAt   .     (helmet currently unavailable)
rPois  +         Gourm    +     m - amulet of the gourmand
rElec  .         Spirit   .     s - +2 ring of intelligence
rCorr  +         Warding  .     u - +6 ring of dexterity
rMut   .         NoTele   +     p - ring of protection from magic
MR     +....                    A - ring of see invisible
Stlth  ++++++++..               (no ring)
                                N - ring of poison resistance
                                (no ring)
                                (no ring)

@: tree-form, somewhat resistant to hostile enchantments, extraordinarily
stealthy
A: almost no armour, amphibious, 8 rings, (constrict 8), (camouflage 0), (cold
resistance 0), (fire resistance 0), high mp 1, wild magic 1, (gelatinous body 0)
a: Request Jelly, Jelly Paralyse, Slimify, Cure Bad Mutation, Renounce Religion


You were on level 3 of the Orcish Mines.
You worshipped Jiyva.
Jiyva was exalted by your worship.
You were very full.
You were a tree.
You visited 3 branches of the dungeon, and saw 18 of its levels.
You also visited: Ossuary.

You collected 835 gold pieces.

Inventory:

Hand weapons
 L - a +0 blowgun
 S - the +8 spear of Trial by Ordeal (weapon) {venom, *Contam rF+ rC++ Dex+3}
   (You found it on level 12 of the Dungeon)

   It poisons the flesh of those it strikes.
   It affects your dexterity (+3).
   It protects you from fire.
   It greatly protects you from cold.
   It causes magical contamination when unequipped.
Missiles
 M - 3 poisoned needles
Armour
 c - a +0 shield (worn)
 n - a +1 hat (melded)
Jewellery
 m - an amulet of the gourmand (around neck)
 p - a ring of protection from magic (on tentacle)
 s - a +2 ring of intelligence (left branch)
 u - a +6 ring of dexterity (right branch)
 x - an uncursed ring of ice
 A - a ring of see invisible (on tentacle)
 N - a ring of poison resistance (on tentacle)
 O - an uncursed ring of teleportation
Magical devices
 e - a wand of enslavement (12)
 q - a wand of frost (41)
 r - a wand of random effects (0)
 D - a wand of frost (34)
 F - a wand of lightning (0)
 G - a wand of draining (0)
 H - a wand of cold (1)
 J - a wand of digging (11)
 P - a wand of frost (13)
Scrolls
 b - 4 scrolls of remove curse
 i - 6 scrolls of teleportation
 k - 11 scrolls of identify
 v - 2 scrolls of magic mapping
 y - a scroll of enchant weapon
 Q - a scroll of recharging
 U - a scroll of amnesia
Potions
 d - a potion of curing
 l - 4 potions of magic
 w - 2 potions of agility
 K - 2 potions of brilliance
Comestibles
 a - 8 bread rations
 g - 4 meat rations
 j - 9 fruits
 o - 12 royal jellies
 C - 4 beef jerkies
 E - a slice of pizza


   Skills:
 * Level 10.4 Fighting
 + Level 9.4 Dodging
 + Level 10.2 Stealth
 + Level 8.7 Shields
 + Level 11.4 Unarmed Combat
 + Level 4.5 Evocations


You had 11 spell levels left.
You didn't know any spells.

Dungeon Overview and Level Annotations

Branches:
Dungeon (14/15)            Temple (0/1) D:4            Lair (1/8) D:9
    Orc (3/4) D:9
    Elf: Orc:3-4     Vaults: D:13-14

Altars:
Ashenzari
Elyvilon
Gozag
Okawaru
Qazlal
Ru
Vehumet
Jiyva

Shops:
D:5 }   D:6 (

Annotations:
D:3 Ulkair's ghost, weakling MiFi
D:5 Ulkair's ghost, weakling MiFi
Orc:3 Rupert


Innate Abilities, Weirdness & Mutations

You cannot wear most types of armour.
You are amphibious.
You can wear up to eight rings at the same time.
((You can use your tentacles to constrict eight enemies at once.))
((Your skin changes colour to match your surroundings (Stealth).))
((Your rubbery body absorbs attacks (AC +1).))
((Your flesh is cold resistant.))
((Your flesh is heat resistant.))
You have an increased reservoir of magic (+10% MP).
Your spells are a little harder to cast, but a little more powerful.


Message History

Aim: Rupert, wielding a vampiric great sword and wearing a ring mail (severely wounded, berserk, fast, unusually strong, poisoned, lightly drained) Nothing appears to happen.
You block Rupert's attack.
Unknown command.
Evoke which item? (* to show all) (? for menu, Esc to quit)
Zapping:
G - a wand of draining {zapped: 9} (will waste charges)
Press: ? - help, Shift-Dir - straight line, f/p - Rupert
Aim: Rupert, wielding a vampiric great sword and wearing a ring mail (severely wounded, berserk, fast, unusually strong, poisoned, lightly drained) Nothing appears to happen.
Rupert hits you with a vampiric great sword!
* * * LOW HITPOINT WARNING * * *
Unknown command.
Evoke which item? (* to show all) (? for menu, Esc to quit)
Zapping:
H - a wand of cold {zapped: 4} (will waste charges)
Press: ? - help, Shift-Dir - straight line, f/p - Rupert
Aim: Rupert, wielding a vampiric great sword and wearing a ring mail (severely wounded, berserk, fast, unusually strong, poisoned, lightly drained)
The bolt of cold hits Rupert.
Rupert is severely wounded.
Evoking this partially-identified wand wasted a few charges.
Rupert hits you with a vampiric great sword!!
You die...

## #. .## .# ..
.. ## ... .
.##.## ..#.
##.#.(.# ...#..#
##.....##
#$..@##.......#
...#♣.......#
#.....#)..##
#..#.#[.<>.$.#
#............##
........#(.....#
.##.......#.....#
##..##........#
### ##......##
$......#


You could see Rupert (berserk).

Vanquished Creatures
  Erolcha (D:8)
  A centaur warrior (D:13)
  A tengu warrior (D:14)
  Sonja (Orc:3)
  A skeletal warrior (D:14)
  2 unseen horrors (D:12)
  Pikel (D:9)
  A wolf spider zombie (D:13)
  2 hill giants
  3 ugly things
  A cyclops (D:11)
  A manticore (D:14)
  A gargoyle (D:13)
  A kobold demonologist (D:11)
  2 tengu conjurers
  A troll (D:9)
  Prince Ribbit (D:5)
  3 two-headed ogres
  A shadow (D:13)
  The ghost of Malak the Caller, an average DESu of Sif Muna (D:5)
  A wyvern (D:10)
  A trapdoor spider (D:11)
  A wraith (D:13)
  Eustachio (D:6)
  Grum (D:9)
  2 wolves (D:9)
  A hungry ghost (D:7)
  5 hippogriffs
  Edmund (D:5)
  A warg (Orc:1)
  A porcupine (D:9)
  2 soldier ants (D:8)
  A spider (D:8)
  4 ice beasts
  A sky beast (D:9)
  A black bear (D:6)
  3 phantoms
  A necrophage (D:7)
  5 orc warriors
  7 ogres
  6 centaurs
  A big kobold (D:11)
  Blork the orc (D:5)
  A gnoll sergeant (D:11)
  3 giant frogs
  A water moccasin zombie (D:8)
  11 killer bees
  11 scorpions
  5 wights
  3 vampire bats (D:13)
  4 quasits
  3 human zombies (Ossuary)
  3 crimson imps
  2 hounds
  3 centaur zombies
  2 giant frog skeletons
  Crazy Yiuf (D:4)
  A giant frog zombie (D:13)
  5 orc priests
  3 iguanas
  8 worker ants
  9 orc wizards
  A big kobold zombie (Ossuary)
  2 hound zombies
  3 mummies (Ossuary)
  17 gnolls
  4 scorpion zombies (Ossuary)
  2 worker ant zombies
  15 adders
  7 river rats
  2 shadow imps
  An ooze (D:1)
  2 adder skeletons
  An adder zombie (D:5)
  2 worms (D:2)
  6 giant geckos
  56 orcs
  A bat skeleton (D:5)
  7 giant cockroaches
  2 gnoll zombies (Ossuary)
  10 goblins
  14 hobgoblins
  10 jackals
  23 kobolds
  3 quokkas
  2 ball pythons
  14 bats
  4 giant newts
  3 goblin zombies (Ossuary)
  3 hobgoblin zombies (Ossuary)
  A jackal skeleton (D:6)
  A kobold zombie (Ossuary)
  2 orc zombies (Ossuary)
  2 quokka skeletons
  14 rats
392 creatures vanquished.

Vanquished Creatures (collateral kills)
  A centaur warrior (D:13)
  3 cyclopes
  Joseph (D:8)
  A giant frog (D:12)
6 creatures vanquished.

Vanquished Creatures (others)
  A troll (Orc:1)
  An ogre (Orc:1)
  A slave (D:9)
  A phantom (D:9)
  4 centaurs
  2 giant frogs
  7 wights
  61 jellies
  2 crimson imps (D:11)
  A giant frog zombie (D:6)
  A centaur zombie (D:10)
  A giant frog skeleton (D:5)
  2 orc wizards (D:5)
  A quasit (D:13)
  3 hounds
  An orc priest (D:9)
  An iguana (D:4)
  5 worker ants
  A hound zombie (D:6)
  3 adders
  A river rat (D:9)
  A worm (D:4)
  2 giant geckos
  15 orcs
  4 bats
  2 goblins
  2 hobgoblins
  3 jackals (D:4)
  A quokka (D:7)
  A hobgoblin zombie (Ossuary)
  2 kobolds
  A kobold zombie (Ossuary)
  3 rats
138 creatures vanquished.

Grand Total: 536 creatures vanquished

Notes
Turn   | Place    | Note
--------------------------------------------------------------
     0 | D:1      | Deemzul the Octopode Monk began the quest for the Orb.
     0 | D:1      | Reached XP level 1. HP: 16/16 MP: 1/1
   240 | D:1      | Reached XP level 2. HP: 21/21 MP: 2/2
   408 | D:1      | Reached XP level 3. HP: 7/26 MP: 3/3
   840 | D:2      | Found a stormy altar of Qazlal.
   929 | D:3      | Found a faded altar to an unknown god.
   946 | D:3      | Noticed Ulkair's ghost (weakling MiFi)
  1303 | D:1      | Reached XP level 4. HP: 17/32 MP: 4/4
  1627 | D:2      | Found an opulent altar of Gozag.
  1818 | D:2      | Reached XP level 5. HP: 24/37 MP: 5/5
  2032 | D:2      | Reached skill level 1 in Shields
  2653 | D:3      | Gained mutation: You are agile. (Dex +2) [potion of beneficial mutation]
  2730 | D:3      | Became a worshipper of Jiyva Jitsom the Shapeless
  2730 | D:3      | Acquired Jiyva's first power
  2730 | D:3      | Acquired Jiyva's second power
  2854 | D:3      | Found a shattered altar of Ashenzari.
  2953 | D:3      | Gained mutation: You are very agile. (Dex +4) [Jiyva's grace]
  3412 | D:4      | Found an iron altar of Okawaru.
  3416 | D:4      | Acquired Jiyva's third power
  3453 | D:4      | Noticed Crazy Yiuf
  3461 | D:4      | Killed Crazy Yiuf
  3461 | D:4      | Reached XP level 6. HP: 44/44 MP: 6/6
  3531 | D:4      | Gained mutation: Your flesh is cold resistant. [Jiyva's grace]
  3578 | D:4      | Found a staircase to the Ecumenical Temple.
  3681 | D:4      | Reached skill level 5 in Unarmed Combat
  4088 | D:5      | Entered Level 5 of the Dungeon
  4178 | D:5      | Noticed Prince Ribbit
  4454 | D:5      | Reached skill level 5 in Fighting
  4454 | D:5      | Reached XP level 7. HP: 31/50 MP: 7/7
  4501 | D:5      | Noticed Blork the orc
  4521 | D:5      | Acquired Jiyva's fourth power
  4551 | D:5      | Killed Blork the orc
  4586 | D:5      | Gained mutation: You are dopey. (Int -2) [Jiyva's grace]
  4625 | D:5      | Noticed Malak's ghost (average DESu)
  4694 | D:5      | Killed Malak's ghost
  4694 | D:5      | Reached skill level 5 in Dodging
  4812 | D:5      | Found Ytownoar's Gadget Shop.
  4822 | D:5      | Lost mutation: You are dopey. (Int -2) [Jiyva's grace]
  4921 | D:5      | Noticed Edmund
  4930 | D:5      | Killed Edmund
  4930 | D:5      | Reached XP level 8. HP: 29/56 MP: 8/8
  4952 | D:5      | Killed Prince Ribbit
  4952 | D:5      | Reached skill level 6 in Unarmed Combat
  4969 | D:5      | Gained mutation: Your body sometimes deteriorates upon taking damage. [potion of mutation]
  4969 | D:5      | Gained mutation: Your flesh is very cold resistant. [potion of mutation]
  4969 | D:5      | Lost mutation: You are very agile. (Dex +4) [potion of mutation]
  4970 | D:5      | Lost mutation: Your body sometimes deteriorates upon taking damage. [Jiyva's power]
  5249 | D:6      | Found a sand-covered staircase.
  5257 | Ossuary  | Entered an ossuary
  5757 | Ossuary  | Reached XP level 9. HP: 44/63 MP: 9/9
  5768 | Ossuary  | Reached skill level 5 in Shields
  5817 | Ossuary  | Reached skill level 7 in Unarmed Combat
  5979 | D:6      | Noticed Eustachio
  5981 | D:6      | Found Lameg's Weapon Emporium.
  5988 | D:6      | Killed Eustachio
  6123 | D:6      | Gained mutation: You are partially covered in molten scales (AC +1). [Jiyva's grace]
  6557 | D:7      | Found a radiant altar of Vehumet.
  6673 | D:7      | Gained mutation: You can translocate small distances at will. [Jiyva's grace]
  6734 | D:7      | Reached skill level 8 in Unarmed Combat
  6906 | D:7      | Lost mutation: Your flesh is very cold resistant. [Jiyva's grace]
  7276 | D:8      | Noticed Erolcha
  7286 | D:8      | Killed Erolcha
  7286 | D:8      | Reached skill level 5 in Stealth
  7286 | D:8      | Reached XP level 10. HP: 68/72 MP: 10/10
  7381 | D:8      | Noticed Joseph
  7397 | D:8      | Found a white marble altar of Elyvilon.
  7397 | D:8      | Found a sacrificial altar of Ru.
  7603 | D:8      | Killed Joseph
  7808 | D:8      | Gained mutation: You are covered in slimy tendrils that may disarm your opponents. [Jiyva's grace]
  7841 | D:8      | Gained mutation: You have acidic saliva. [Jiyva's grace]
  7857 | D:8      | Reached skill level 9 in Unarmed Combat
  8271 | D:9      | Found a staircase to the Orcish Mines.
  8670 | D:9      | Lost mutation: You are covered in slimy tendrils that may disarm your opponents. [Jiyva's grace]
  8722 | D:9      | Noticed Pikel
  8736 | D:9      | Killed Pikel
  8741 | D:9      | Noticed Grum
  8753 | D:9      | Killed Grum
  8840 | D:9      | Found a staircase to the Lair.
  8846 | Lair:1   | Entered Level 1 of the Lair of Beasts
  8937 | D:9      | Lost mutation: You can translocate small distances at will. [Jiyva's grace]
  9141 | D:10     | Entered Level 10 of the Dungeon
  9291 | D:10     | Reached XP level 11. HP: 78/78 MP: 11/11
  9464 | D:10     | Lost mutation: You are partially covered in molten scales (AC +1). [Jiyva's grace]
  9472 | D:10     | Noticed a cyclops
  9810 | D:11     | Reached skill level 10 in Unarmed Combat
  9849 | D:11     | Noticed an ice devil
  9852 | D:11     | Noticed a sun demon
  9954 | D:11     | Noticed a hill giant
 10182 | D:11     | Reached skill level 1 in Evocations
 10198 | D:11     | Gained mutation: You are resistant to hostile enchantments. [Jiyva's grace]
 10313 | D:11     | Lost mutation: You are agile. (Dex +2) [Jiyva's grace]
 10639 | D:11     | Lost mutation: You have acidic saliva. [Jiyva's grace]
 10949 | D:11     | Gained mutation: You possess an exceptional clarity of mind. [Jiyva's grace]
 11132 | D:12     | Noticed an unseen horror
 11140 | D:12     | Killed an unseen horror
 11240 | D:12     | Noticed an unseen horror
 11268 | D:12     | Killed an unseen horror
 11400 | D:12     | Got a jewelled spear
 11402 | D:12     | Identified the +8 spear of Trial by Ordeal {venom, *Contam rF+ rC++ Dex+3} (You found it on level 12 of the Dungeon)
 11562 | D:13     | Noticed a hill giant
 11569 | D:13     | Killed a hill giant
 11631 | D:13     | Gained mutation: You evolve. [Jiyva's grace]
 11648 | D:13     | Noticed a centaur warrior
 11655 | D:13     | Killed a centaur warrior
 11655 | D:13     | Reached XP level 12. HP: 46/85 MP: 14/14
 11705 | D:13     | Noticed a centaur warrior
 11718 | D:13     | Killed a centaur warrior
 11718 | D:13     | Reached skill level 11 in Unarmed Combat
 11894 | D:13     | Gained mutation: You are highly resistant to hostile enchantments. [evolution]
 12211 | D:13     | Gained mutation: You are partially covered in iridescent scales (AC +4). [mutagenic meat]
 12214 | D:13     | Gained mutation: You have an increased reservoir of magic (+10% MP). [mutagenic meat]
 12290 | D:14     | Noticed a tengu warrior
 12300 | D:14     | Killed a tengu warrior
 12300 | D:14     | Reached skill level 10 in Fighting
 12749 | D:13     | Lost mutation: You are highly resistant to hostile enchantments. [potion of cure mutation]
 12749 | D:13     | Lost mutation: You are partially covered in iridescent scales (AC +4). [potion of cure mutation]
 12749 | D:13     | Lost mutation: You possess an exceptional clarity of mind. [potion of cure mutation]
 12749 | D:13     | Lost mutation: You are resistant to hostile enchantments. [potion of cure mutation]
 12749 | D:13     | Lost mutation: You evolve. [potion of cure mutation]
 12798 | D:14     | Noticed a seven-headed hydra
 12898 | D:10     | Killed a cyclops
 12953 | D:10     | Noticed a hill giant
 12960 | D:10     | Killed a hill giant
 13040 | D:9      | Gained mutation: You tend to lose your temper in combat. [Jiyva's grace]
 13067 | Orc:1    | Entered Level 1 of the Orcish Mines
 13408 | D:8      | Reached skill level 10 in Stealth
 13436 | Orc:1    | Gained mutation: Your spells are a little harder to cast, but a little more powerful. [Jiyva's grace]
 13450 | Orc:1    | Gained mutation: Your flesh is heat resistant. [Jiyva's grace]
 13469 | Orc:1    | Lost mutation: You tend to lose your temper in combat. [Jiyva's grace]
 13779 | Orc:3    | Noticed Sonja
 13784 | Orc:3    | Killed Sonja
 13794 | Orc:3    | Noticed Rupert
 13813 | Orc:3    | HP: 3/132 [Rupert/vampiric great sword (11)]
 13814 | Orc:3    | Demolished by Rupert

Vault maps used:
D:1:      lightli_iron_boxes
D:2:      grunt_gozag_breadcrumbs, old_standard_altar
D:3:      evilmike_ruin_ashenzari, ecumenical_altar_1
D:4:      kennysheep_little_box, temple_statues, uniq_crazy_yiuf_cottage
D:5:      serial_shops, shop, first_bread, minmay_misc_feat_tiny, uniq_edmund,
          uniq_prince_ribbit1, uniq_blork_the_orc
D:6:      black_bear_nest_2, serial_shops, nicolae_shop_statue_plus,
          nicolae_ossuary_entry_plus, uniq_eustachio
D:7:      lemuel_crystal_altar
D:8:      gammafunk_temple_overflow_pools, hangedman_pestilent_swarm,
          uniq_erolcha, uniq_joseph
D:9:      lair_0_dummy, orc_0_dummy, uniq_grum, uniq_pikel
D:12:     minmay_holes
D:13:     wad_crossroads, roderic_batcave
D:14:     grunt_vaults_entry_tiered
Orc:2:    basic_altar, nicolae_orc_rockfall
Orc:3:    serial_shops, nicolae_shop_window_shopping, nicolae_orc_pool_cavern,
          nicolae_orc_lava_room, uniq_rupert, uniq_sonja
Ossuary:  ossuary_minmay_scorpions

Action                   |  1- 3 |  4- 6 |  7- 9 | 10-12 || total
-------------------------+-------+-------+-------+-------++-------
Melee: Unarmed           |    81 |   168 |   301 |   338 ||   888
       Spear             |       |       |       |   217 ||   217
Invok: Jelly Paralyse    |       |       |     1 |       ||     1
       Cure Bad Mutation |       |       |     1 |       ||     1
       Request Jelly     |       |       |     1 |     1 ||     2
Evoke: Wand              |       |       |     8 |    12 ||    20
  Use: Potion            |       |     7 |     4 |    11 ||    22
       Scroll            |       |     8 |     1 |    10 ||    19
 Stab: Sleeping          |     7 |    12 |    14 |    34 ||    67
       Distracted        |     2 |     4 |     1 |     3 ||    10
  Eat: Chunk             |     6 |    14 |     2 |     2 ||    24
